 Dungeon Crawl Stone Soup version 0.20.1-1-g8b1a95d (webtiles) character file.

526 vineage the Cudgeler (level 7, -9/44 HPs)
             Began as a Gargoyle Fighter on Sept 14, 2017.
             Mangled by Quirk's ghost (12 damage)
             ... on level 3 of the Dungeon.
             The game lasted 00:03:23 (2020 turns).

vineage the Cudgeler (Gargoyle Fighter)             Turns: 2020, Time: 00:03:24

Health: -9/44      AC: 11    Str: 21    XL:     7   Next: 23%
Magic:  7/7        EV:  8    Int:  8    God:
Gold:   118        SH: 10    Dex: 10    Spells: 6/6 levels left

rFire    . . .     SeeInvis .   a - +1 flail
rCold    + . .     Gourm    .   c - +0 shield
rNeg     + . .     Faith    .   b - +0 scale mail
rPois    ∞         Spirit   .   (no helmet)
rElec    +         Reflect  .   (no cloak)
rCorr    .         Harm     .   (no gloves)
MR       .....                  (no boots)
Stlth    ..........             (no amulet)
Regen    0.2/turn               (no ring)
MPRegen  0.1/turn               (no ring)

@: flying (expiring), hasted, very quick
A: blink, cold resistance 1, negative energy resistance 1, electricity
resistance, unbreathing, petrification resistance, rot immunity, AC +4
a: Blink


You were on level 3 of the Dungeon.
You were not hungry.

You visited 1 branch of the dungeon, and saw 3 of its levels.

You collected 118 gold pieces.

Inventory:

Hand Weapons
 a - a +1 flail (weapon)
Armour
 b - a +0 scale mail (worn)
 c - a +0 shield (worn)
Jewellery
 r - an uncursed amulet of the gourmand {unknown}
Wands
 m - a wand of iceblast (3/15)
Scrolls
 e - 2 scrolls of remove curse {unknown}
 h - a scroll of recharging {unknown}
 i - a scroll of amnesia {unknown}
 p - a scroll of enchant weapon
 q - a scroll of fog {unknown}
Potions
 g - 2 potions of degeneration
 j - a potion of flight
 k - a potion of haste
 n - a potion of mutation
Comestibles
 d - a chunk of flesh
 f - 2 bread rations
 l - a royal jelly


   Skills:
 + Level 4.5 Fighting
 + Level 5.2 Maces & Flails
 + Level 3.9 Armour
 + Level 1.8 Dodging
 + Level 5.0 Shields


You had 6 spell levels left.
You didn't know any spells.

Dungeon Overview and Level Annotations

Branches:
Dungeon (3/15)

Altars:

Annotations:
D:3 Quirk's ghost, amateur DsGl; Robin


Innate Abilities, Weirdness & Mutations

You are resistant to torment.
Your stone body is resilient. (AC +4)
You are immune to poison.
You resist negative energy. (rN+)
You are resistant to electric shocks. (rElec)
You can survive without breathing.
You are immune to petrification.
You are immune to rotting.
You can translocate small distances at will.
Your flesh is cold resistant. (rC+)


Message History

Robin roars a battlecry!
The goblins go into a battle-frenzy!
Quirk's ghost closely misses you.
You hit Quirk's ghost.
Quirk's ghost is severely damaged.
You completely miss Quirk's ghost.
Quirk's ghost is severely damaged.
You are starting to lose your buoyancy.
Quirk's ghost closely misses you.
You closely miss Quirk's ghost.
Quirk's ghost is severely damaged.
You block Quirk's ghost's attack.
You barely miss Quirk's ghost.
Quirk's ghost is severely damaged.
Quirk's ghost hits you.
* * * LOW HITPOINT WARNING * * *
Your shield prevents you from hitting Quirk's ghost.
Quirk's ghost is severely damaged.
Quirk's ghost hits you!
You die...

.####.#### #(........
....g....########.........
.ggg.>.............[......
.#=#####o###.####.........
#gg# ..# #...(..... ##g#
#.# #......... #g# ♣.♣
#.##......
#W#♣♣.♣♣#.##......
#@).......##......
###♣♣.♣♣####.##### ♣.♣ #.#
#.# #.# #.# .# ..# .## .


You could see Robin, Quirk's ghost, an orc, 2 hobgoblins and a goblin.

Vanquished Creatures
  Grinder (D:3)
  Sigmund (D:3)
  Jessica (D:2)
  3 adders
  4 gnolls (D:2)
  4 worms
  A dart slug (D:3)
  3 leopard geckos (D:1)
  7 bats
  A giant cockroach (D:1)
  17 goblins
  3 hobgoblins
  4 jackals (D:2)
  A ball python (D:2)
  2 frilled lizards
  5 kobolds
  7 rats
65 creatures vanquished.

Notes
Turn   | Place    | Note
-------+----------+-------------------------------------------
     0 | D:1      | vineage the Gargoyle Fighter began the quest for the Orb.
     0 | D:1      | Reached XP level 1. HP: 14/14 MP: 1/1
   194 | D:1      | Reached XP level 2. HP: 19/19 MP: 2/2
   712 | D:1      | Reached XP level 3. HP: 23/24 MP: 3/3
   756 | D:2      | Reached skill level 1 in Dodging
   900 | D:2      | Reached XP level 4. HP: 28/29 MP: 4/4
  1229 | D:2      | Noticed Jessica
  1245 | D:2      | Killed Jessica
  1245 | D:2      | Reached XP level 5. HP: 33/33 MP: 5/5
  1643 | D:3      | Noticed Grinder
  1668 | D:3      | Killed Grinder
  1668 | D:3      | Reached XP level 6. HP: 11/39 MP: 6/6
  1893 | D:3      | Noticed Sigmund
  1908 | D:3      | Killed Sigmund
  1908 | D:3      | Reached skill level 5 in Maces & Flails
  1908 | D:3      | Reached XP level 7. HP: 31/44 MP: 7/7
  1946 | D:3      | Noticed Quirk's ghost (amateur DsGl)
  1948 | D:3      | Noticed Robin
  1958 | D:3      | Reached skill level 5 in Shields
  1987 | D:3      | Gained mutation: You can translocate small distances at will. [potion of mutation]
  1987 | D:3      | Gained mutation: Your flesh is cold resistant. (rC+) [potion of mutation]
  2020 | D:3      | Mangled by Quirk's ghost

Skill      XL: |  1  2  3  4  5  6  7 |
---------------+----------------------+-----
Dodging        | 1 |  1.8
Shields        | 4 5 |  5.0
Fighting       | 4 |  4.5
Maces & Flails | 3 4 5 |  5.2
Armour         | |  3.9

Action                   |  1- 3 |  4- 6 |  7- 9 || total
-------------------------+-------+-------+-------++-------
Melee: Flail             |   114 |   131 |    63 ||   308
  Use: Potion            |       |     1 |     5 ||     6
       Scroll            |       |       |     3 ||     3
  Eat: Chunk             |       |     2 |     2 ||     4
Armor: Scale mail        |    96 |    36 |    28 ||   160
Dodge: Dodged            |    32 |    31 |    33 ||    96
Block: Shield            |    77 |    71 |    39 ||   187
